 Dungeon Crawl Stone Soup version 0.30-a0-137-gd8773701ce (webtiles) character file.

Game seed: 16746822407773288576

2132 blackman the Shield-Bearer (level 9, 0/74 HPs)
             Began as a Gnoll Fighter on Sept 21, 2022.
             Slain by an adder (1 damage)
             ... on level 6 of the Dungeon on Sept 22, 2022.
             The game lasted 00:11:39 (6019 turns).

blackman the Shield-Bearer (Gnoll Fighter)          Turns: 6019, Time: 00:11:39

Health: 0/74       AC: 16    Str: 20    XL:     9   Next: 30%
Magic:  15/15      EV:  4    Int:  7    God:
Gold:   116        SH: 14    Dex: 12    Spells: 16/16 levels left

rFire   . . .      SeeInvis .    a - +0 war axe
rCold   . . .      Faith    .    E - +0 tower shield
rNeg    . . .      Spirit   .    n - +0 plate armour
rPois   .          Reflect  .    G - +0 helmet
rElec   .          Harm     .    j - +0 cloak
rCorr   .          Rampage  .    r - +2 pair of gloves
Will    .....                    u - +0 pair of boots
Stlth   ..........               (no amulet)
HPRegen 0.22/turn                (no ring)
MPRegen 0.14/turn                (no ring)

@: corroded, hasted, very quick
A: fangs 1, strong nose, distributed training
a: no special abilities


You were on level 6 of the Dungeon.
You visited 1 branch of the dungeon, and saw 6 of its levels.
You also visited: Sewer.

You collected 224 gold pieces.
You spent 108 gold pieces at shops.

Inventory:

Hand Weapons
 a - a +0 war axe (weapon)
Missiles
 x - 6 boomerangs (quivered)
 H - 2 curare-tipped darts
Armour
 j - a +0 cloak (worn)
 n - a +0 plate armour (worn)
 r - a +2 pair of gloves (worn)
 u - a +0 pair of boots (worn)
 E - a +0 tower shield (worn)
 G - a +0 helmet (worn)
Jewellery
 c - an amulet of faith
 w - a ring of magical power
 y - a ring of fire
 A - a ring of fire
Wands
 t - a wand of polymorph (9)
 C - a wand of mindburst (10)
Scrolls
 f - 10 scrolls of teleportation
 g - a scroll of magic mapping
 h - a scroll of butterflies
 i - a scroll of identify
 l - a scroll of vulnerability
 m - a scroll of fear {unknown}
 p - 3 scrolls of brand weapon
 q - a scroll of amnesia {unknown}
 s - 2 scrolls of enchant armour
 B - a scroll of torment
 I - a scroll of enchant weapon {unknown}
Potions
 b - 2 potions of lignification
 d - 2 potions of might
 e - 2 potions of resistance
 k - 2 potions of flight
 o - a potion of berserk rage {unknown}
 v - a potion of magic {unknown}
 z - a potion of degeneration {unknown}
 D - a potion of ambrosia {unknown}
 F - 2 potions of haste
 J - a potion of brilliance


   Skills:
 + Level 7.9 Fighting
 + Level 4.2 Short Blades
 + Level 4.2 Long Blades
 + Level 6.3 Axes
 + Level 4.2 Maces & Flails
 + Level 4.2 Polearms
 + Level 4.2 Staves
 + Level 4.2 Ranged Weapons
 + Level 4.2 Throwing
 + Level 7.9 Armour
 + Level 4.2 Dodging
 + Level 4.2 Stealth
 + Level 7.9 Shields
 + Level 4.2 Unarmed Combat
 + Level 4.2 Spellcasting
 + Level 3.5 Conjurations
 + Level 3.5 Hexes
 + Level 3.5 Summonings
 + Level 3.5 Necromancy
 + Level 3.5 Translocations
 + Level 3.5 Transmutations
 + Level 3.5 Fire Magic
 + Level 3.5 Ice Magic
 + Level 3.5 Air Magic
 + Level 3.5 Earth Magic
 + Level 3.5 Poison Magic
 + Level 4.7 Invocations
 + Level 4.2 Evocations


You had 16 spell levels left.
You didn't know any spells.
Your spell library contained the following spells:

 Spells                   Type           Power      Damage    Failure   Level
 Ignite Poison            Fire/Tmut/Pois 6%         N/A       100%        3
 Kindle Blastsparks       Fire/Tloc/Air  12%        2d11      100%        3
 Mephitic Cloud           Conj/Pois/Air  6%         N/A       100%        3
 Fulminant Prism          Conj/Hex       3%         3d6       100%        4
 Iskenderun's Mystic Bla  Conj/Tloc      6%         2d4       100%        4
 Freezing Cloud           Conj/Ice/Air   3%         6-21      100%        5
 Lee's Rapid Deconstruct  Erth           3%         3d6*      100%        5


Dungeon Overview and Level Annotations

Branches:
Dungeon (6/15)             Temple (0/1) D:6           Sewer (visited)

Altars:

Shops:
D:1 [   D:4 *


Innate Abilities, Weirdness & Mutations

You have very sharp teeth.
Your uncanny sense of smell can sniff out nearby items.
Your experience applies equally to all skills.


Message History

You slash the kobold brigand! You hit something.
Something hits you but does no damage. Something bites you.
Something draws strength from your injuries!
You block the kobold brigand's attack. The adder bites you but does no damage.
Something hits you. Something bites you!
Something draws strength from your injuries!
The kobold brigand hits you but does no damage.
You hit the adder.
The adder is severely wounded.
You hit the kobold brigand but do no damage.
You hit something but do no damage. You block the adder's attack.
The adder bites you but does no damage. Something hits you but does no damage.
You block something's attack. You block the kobold brigand's attack.
You completely miss the adder.
The adder is severely wounded.
You completely miss something. You miss the kobold brigand.
The sentinel's mark upon you fades away.
You block the adder's attack. Something hits you!
* * * LOW HITPOINT WARNING * * *
You block something's attack.
The kobold brigand hits you with a +0 club.
* * * LOW HITPOINT WARNING * * *
The adder bites you but does no damage.
You hear some strange, mumbled words.
Something tries to affect you, but you resist.
The kobold brigand hits you but does no damage.
You hit the adder but do no damage.
The adder is severely wounded.
You hit the kobold brigand but do no damage.
You hit something but do no damage. You block the adder's attack.
Something hits you.
* * * LOW HITPOINT WARNING * * *
Something bites you.
* * * LOW HITPOINT WARNING * * *
Something draws strength from your injuries!
The kobold brigand hits you with a +0 club.
* * * LOW HITPOINT WARNING * * *
The adder bites you but does no damage.
It was a potion of haste.
You feel yourself speed up. The adder bites you.
You die...

#...... #.....
.# #....# +.#
∆##....##..#
∆+..†.......
#.........
###+###....##...
.......))..##...
.......@S.......
........K.......
#######....#####
##888# 8..$8+
...>.8# ##8...8#
##888#. +......


You could see a kobold brigand and an adder.

Vanquished Creatures
  Pikel (D:4)
  The ghost of Lance11888 the Sneak, an amateur NaEE (D:3)
  2 ice beasts (D:5)
  A phantom (D:5)
  4 lemures (D:4)
  5 kobold brigands (Sewer)
  2 scorpions
  A howler monkey (D:5)
  2 jellies
  3 orc priests
  3 hounds
  4 orc wizards
  3 iguanas
  13 adders
  2 river rats (Sewer)
  An ufetubus (D:5)
  4 worms
  2 dart slugs (D:1)
  20 orcs
  9 ball pythons
  13 endoplasms
  3 giant cockroaches
  14 goblins
  6 hobgoblins
  21 jackals
  18 kobolds
  3 quokkas
  8 bats
  10 frilled lizards
  17 rats
196 creatures vanquished.

Notes
Turn   | Place    | Note
-------+----------+-------------------------------------------
     0 | D:1      | blackman the Gnoll Fighter began the quest for the Orb.
     0 | D:1      | Reached XP level 1. HP: 23/23 MP: 1/1
    29 | D:1      | Reached XP level 2. HP: 13/29 MP: 2/2
   527 | D:1      | Reached XP level 3. HP: 33/35 MP: 3/3
   535 | D:1      | Reached skill level 1 in Invocations
   748 | D:1      | Found a faded altar of an unknown god.
   753 | D:1      | Reached skill level 1 in Short Blades
   753 | D:1      | Reached skill level 1 in Long Blades
   753 | D:1      | Reached skill level 1 in Maces & Flails
   753 | D:1      | Reached skill level 1 in Polearms
   753 | D:1      | Reached skill level 1 in Staves
   753 | D:1      | Reached skill level 1 in Ranged Weapons
   753 | D:1      | Reached skill level 1 in Throwing
   753 | D:1      | Reached skill level 1 in Dodging
   753 | D:1      | Reached skill level 1 in Stealth
   753 | D:1      | Reached skill level 1 in Unarmed Combat
   753 | D:1      | Reached skill level 1 in Spellcasting
   753 | D:1      | Reached skill level 1 in Evocations
   834 | D:1      | Found Utackoog's Antique Armour Shoppe.
   990 | D:2      | Reached XP level 4. HP: 35/41 MP: 5/5
  1486 | D:2      | Reached skill level 1 in Conjurations
  1486 | D:2      | Reached skill level 1 in Hexes
  1486 | D:2      | Reached skill level 1 in Summonings
  1486 | D:2      | Reached skill level 1 in Necromancy
  1486 | D:2      | Reached skill level 1 in Translocations
  1486 | D:2      | Reached skill level 1 in Transmutations
  1486 | D:2      | Reached skill level 1 in Fire Magic
  1486 | D:2      | Reached skill level 1 in Ice Magic
  1486 | D:2      | Reached skill level 1 in Air Magic
  1486 | D:2      | Reached skill level 1 in Earth Magic
  1486 | D:2      | Reached skill level 1 in Poison Magic
  1675 | D:2      | Reached XP level 5. HP: 46/47 MP: 5/7
  2019 | D:3      | Found a runed translucent door.
  2026 | D:3      | Noticed Lance11888's ghost (amateur NaEE)
  2421 | D:3      | Reached XP level 6. HP: 33/53 MP: 8/8
  2852 | D:3      | Killed Lance11888's ghost
  2853 | D:3      | Reached skill level 5 in Axes
  3010 | D:4      | Noticed Pikel
  3026 | D:4      | HP: 2/53 [Pikel/+2 whip of freezing (1)]
  3038 | D:4      | Killed Pikel
  3039 | D:4      | Reached XP level 7. HP: 26/60 MP: 9/11
  3039 | D:4      | Reached XP level 8. HP: 29/67 MP: 9/12
  3655 | D:4      | Found Gaek's Assorted Antiques.
  3813 | D:1      | Bought a tower shield for 108 gold pieces
  3971 | D:5      | Entered Level 5 of the Dungeon
  4460 | D:5      | Found a glowing drain.
  4468 | Sewer    | Entered a sewer
  4984 | Sewer    | Reached XP level 9. HP: 48/73 MP: 14/14
  5984 | D:6      | Found a staircase to the Ecumenical Temple.
  6018 | D:6      | HP: 1/74 [kobold brigand/+0 club (4)]
  6019 | D:6      | Slain by an adder

Illustrated notes

Levels and vault maps discovered:
D:1:      erik_arrival_cave_to_civilisation [erik_arrival_cave_to_hall],
          layout_rooms, basic_ecumenical_altar, serial_shops,
          nicolae_shop_trees, minmay_split_cup_large
D:2:      minmay_chambers_of_ones, layout_basic, kennysheep_nondescript,
          minmay_joined_circles
D:3:      minmay_door_path, layout_basic, ebering_ghost_reflecting_pool
D:4:      layout_cave_pools, serial_shops, shop_fountains, uniq_pikel
D:5:      layout_loops_ring, portal_sewer_entry_b
D:6:      layout_gridville, minmay_temple_entry_statues, minmay_manual_mail,
          uniq_edmund

Skill      XL: |  1  2  3  4  5  6  7  8  9 |
---------------+----------------------------+-----
Invocations    | 1 2 3 4 |  4.7
Short Blades   | 1 3 4 |  4.2
Long Blades    | 1 3 4 |  4.2
Maces & Flails | 1 3 4 |  4.2
Polearms       | 1 3 4 |  4.2
Staves         | 1 3 4 |  4.2
Ranged Weapons | 1 3 4 |  4.2
Throwing       | 1 3 4 |  4.2
Dodging        | 1 3 4 |  4.2
Stealth        | 1 3 4 |  4.2
Unarmed Combat | 1 3 4 |  4.2
Spellcasting   | 1 3 4 |  4.2
Evocations     | 1 3 4 |  4.2
Conjurations   | 1 2 3 |  3.5
Hexes          | 1 2 3 |  3.5
Summonings     | 1 2 3 |  3.5
Necromancy     | 1 2 3 |  3.5
Translocations | 1 2 3 |  3.5
Transmutations | 1 2 3 |  3.5
Fire Magic     | 1 2 3 |  3.5
Ice Magic      | 1 2 3 |  3.5
Air Magic      | 1 2 3 |  3.5
Earth Magic    | 1 2 3 |  3.5
Poison Magic   | 1 2 3 |  3.5
Axes           | 5 6 |  6.3
Fighting       | 7 |  7.9
Armour         | 7 |  7.9
Shields        | 7 |  7.9

Action                   |  1- 3 |  4- 6 |  7- 9 || total
-------------------------+-------+-------+-------++-------
Melee: War axe           |    97 |   180 |   294 ||   571
       Bite              |     8 |    18 |    20 ||    46
Throw: Boomerang         |       |     4 |       ||     4
  Use: Scroll            |     4 |    10 |     1 ||    15
       Potion            |       |     3 |     2 ||     5
 Stab: Distracted        |       |     1 |       ||     1
Armor: Scale mail        |    56 |       |       ||    56
       Plate armour      |     7 |   139 |   226 ||   372
Dodge: Dodged            |    54 |    50 |    50 ||   154
Block: Buckler           |    38 |    68 |    16 ||   122
       Tower shield      |       |       |   227 ||   227

Table legend: (Time is in decaauts)
 A = Elapsed time spent in this place.
 B = Non-inter-level travel time spent in this place.
 C = Inter-level travel time spent in this place.
 D = Time resting spent in this place.
 E = Time spent auto-exploring this place.
 F = Levels seen in this place.
 G = Mean time per level.
                   A        B        C        D        E       F      G
               +--------+--------+--------+--------+--------+-----+--------+
         Total |   6412 |   6135 |    277 |      0 |   4680 |   7 |  916.0 |
       Dungeon |   5300 |   5023 |    277 |      0 |   3887 |   6 |  883.3 |
         Sewer |   1111 |   1111 |      0 |      0 |    792 |   1 | 1111.0 |
               +--------+--------+--------+--------+--------+-----+--------+

Top non-repeatable levels by time:
     D:2: 1221 daAuts
     D:5: 1183 daAuts
   Sewer: 1111 daAuts
     D:4: 992 daAuts
     D:1: 937 daAuts
     D:3: 923 daAuts
     D:6: 43 daAuts
